 Dungeon Crawl Stone Soup version 0.31.0-32-g396128a36d (webtiles) character file.

Game seed: 1197013380620434589

65 601d51SH the Ruffian (level 4, -2/34 HPs)
             Began as a Gnoll Shapeshifter on Mar 31, 2024.
             Slain by a gnoll
             ... wielding a +0 spear
              (5 damage)
             ... on level 2 of the Dungeon.
             The game lasted 00:01:17 (811 turns).

601d51SH the Ruffian (Gnoll Shapeshifter)            Turns: 811, Time: 00:01:17

Health: -2/34      AC:  9    Str: 15    XL:     4   Next: 13%
Magic:  5/5        EV: 13    Int:  9    God:
Gold:   59         SH:  0    Dex: 12    Spells: 5/5 levels left

rFire   . . .        e - +0 dagger (protect)
rCold   . . .        (no shield)
rNeg    . . .        a - +0 animal skin
rPois   .            (helmet currently unavailable)
rElec   .            (cloak currently unavailable)
rCorr   .            (gloves currently unavailable)
SInv    .            (boots currently unavailable)
Will    .....        (no amulet)
Stlth   ++           (no ring)
HPRegen 0.25/turn    (no ring)
MPRegen 0.09/turn

%: no passive effects
@: beast-form, under a protective aura
A: beast (slay +3), fangs 1, strong nose, distributed training
a: Begin Untransformation


You were on level 2 of the Dungeon.
You were a hulking beast.
You visited 1 branch of the dungeon, and saw 2 of its levels.

You collected 59 gold pieces.

Inventory:

Hand Weapons
 e - a +0 dagger of protection (weapon)
Armour
 a - a +0 animal skin (worn)
Talismans
 c - a beast talisman
 d - a flux talisman
Scrolls
 g - a scroll of enchant armour {unknown}
 h - 2 scrolls of identify {unknown}
 j - 3 scrolls of immolation {unknown}
 l - a scroll of amnesia {unknown}
Potions
 b - a potion of lignification
 f - a potion of haste {unknown}
 i - a potion of enlightenment {unknown}
 k - a potion of attraction {unknown}
 m - a potion of resistance {unknown}


   Skills:
 + Level 2.7 Fighting
 + Level 1.1 Short Blades
 + Level 1.1 Long Blades
 + Level 1.1 Axes
 + Level 1.1 Maces & Flails
 + Level 1.1 Polearms
 + Level 1.1 Staves
 + Level 1.1 Ranged Weapons
 + Level 1.1 Throwing
 + Level 1.1 Armour
 + Level 4.6 Dodging
 + Level 1.1 Stealth
 + Level 1.1 Shields
 + Level 6.6 Unarmed Combat
 + Level 1.1 Spellcasting
 + Level 0.8 Conjurations
 + Level 0.8 Hexes
 + Level 0.8 Summonings
 + Level 0.8 Necromancy
 + Level 0.8 Translocations
 + Level 0.8 Fire Magic
 + Level 0.8 Ice Magic
 + Level 0.8 Air Magic
 + Level 0.8 Earth Magic
 + Level 0.8 Alchemy
 + Level 1.2 Invocations
 + Level 1.1 Evocations
 + Level 6.5 Shapeshifting


You had 5 spell levels left.
You didn't know any spells.
Your spell library contained the following spells:

 Spells                   Type           Power      Damage    Failure   Level
 Sublimation of Blood     Necr           2%         N/A       36%         2
 Petrify                  Alch/Erth      2%         N/A       95%         4
 Irradiate                Conj/Alch      1%         3d12      100%        5


Dungeon Overview and Level Annotations

Branches:
Dungeon (2/15)

Altars:


Innate Abilities, Weirdness & Mutations

You are a hulking beast.
Your limbs bulge with bestial killing power. (Slay +3)
You have very sharp teeth.
Your uncanny sense of smell can sniff out nearby items.
Your experience applies equally to all skills.


Message History

You closely miss the quokka.
The quokka is moderately wounded.
The quokka closely misses you.
You closely miss the quokka.
The quokka is moderately wounded.
The quokka misses you.
You hit the quokka.
You kill the quokka!
You hit the kobold.
You kill the kobold!
A dart slug comes into view.
A rat comes into view.
Items here: ( )) [ ††.
The rat squeaks loudly.
You hit the gnoll. You bite the gnoll, but do no damage.
The gnoll is heavily wounded.
The gnoll closely misses you.
The gnoll hits you from afar with a +0 spear.
You puncture the gnoll!
You kill the gnoll!
The gnoll hits you from afar with a +0 spear.
You have reached level 4!
You feel agile.
There are monsters nearby!
The gnoll attacks as it pursues you!
The gnoll hits you from afar with a +0 spear.
The gnoll attacks as it pursues you! The gnoll barely misses you.
The gnoll attacks as it pursues you!
The gnoll hits you from afar with a +0 spear.
The gnoll hits you with a +0 spear!
* * * LOW HITPOINT WARNING * * *
You hit the gnoll.
Your weapon exudes an aura of protection.
The gnoll is heavily wounded.
The gnoll misses you.
You closely miss the gnoll. Your bite misses the gnoll.
The gnoll is heavily wounded.
You hit the gnoll.
The gnoll is heavily wounded.
The gnoll hits you with a +0 spear.
You die...

#.#.## #....#
#....######.####
#..#........#
##...######.#
##.## #.# ∆
#.#######.##
#..........#
#####.####.# #.#
#h# #.# #g# #.#
#J# #.# #g# #.#
#r# #.# #g# ∆
#.# #.# #w# #)#


You could see 3 gnolls, a dart slug, an endoplasm and a rat.

Vanquished Creatures
  4 gnolls (D:2)
  3 ball pythons (D:1)
  A giant cockroach (D:1)
  3 hobgoblins (D:1)
  3 quokkas
  A bat (D:1)
  A frilled lizard (D:1)
  7 kobolds
  5 rats
28 creatures vanquished.

Notes
Turn   | Place    | Note
-------+----------+-------------------------------------------
     0 | D:1      | 601d51SH the Gnoll Shapeshifter began the quest for the
                  | Orb.
     0 | D:1      | Reached XP level 1. HP: 17/17 MP: 1/1
    99 | D:1      | Reached XP level 2. HP: 18/23 MP: 2/2
   304 | D:1      | Found a faded altar of an unknown god.
   630 | D:2      | Reached XP level 3. HP: 20/28 MP: 2/4
   637 | D:2      | Reached skill level 1 in Invocations
   641 | D:2      | Reached skill level 1 in Short Blades
   641 | D:2      | Reached skill level 1 in Long Blades
   641 | D:2      | Reached skill level 1 in Axes
   641 | D:2      | Reached skill level 1 in Maces & Flails
   641 | D:2      | Reached skill level 1 in Polearms
   641 | D:2      | Reached skill level 1 in Staves
   641 | D:2      | Reached skill level 1 in Ranged Weapons
   641 | D:2      | Reached skill level 1 in Throwing
   641 | D:2      | Reached skill level 1 in Armour
   641 | D:2      | Reached skill level 1 in Stealth
   641 | D:2      | Reached skill level 1 in Shields
   641 | D:2      | Reached skill level 1 in Spellcasting
   641 | D:2      | Reached skill level 1 in Evocations
   800 | D:2      | Reached XP level 4. HP: 18/34 MP: 5/5
   811 | D:2      | Slain by a gnoll

Illustrated notes

Levels and vault maps discovered:
D:1:      psy_arrival_conway, layout_basic, shapermc_ecumenical_altar_venn
D:2:      layout_loops_ring

Skill      XL: |  1  2  3 |
---------------+----------+-----
Invocations    | 1 |  1.2
Short Blades   | 1 |  1.1
Long Blades    | 1 |  1.1
Axes           | 1 |  1.1
Maces & Flails | 1 |  1.1
Polearms       | 1 |  1.1
Staves         | 1 |  1.1
Ranged Weapons | 1 |  1.1
Throwing       | 1 |  1.1
Armour         | 1 |  1.1
Stealth        | 1 |  1.1
Shields        | 1 |  1.1
Spellcasting   | 1 |  1.1
Evocations     | 1 |  1.1
Fighting       | |  2.7
Dodging        | |  4.6
Unarmed Combat | |  6.6
Conjurations   | |  0.8
Hexes          | |  0.8
Summonings     | |  0.8
Necromancy     | |  0.8
Translocations | |  0.8
Fire Magic     | |  0.8
Ice Magic      | |  0.8
Air Magic      | |  0.8
Earth Magic    | |  0.8
Alchemy        | |  0.8
Shapeshifting  | |  6.5

Action                     |  1- 3 |  4- 6 || total
---------------------------+-------+-------++-------
  Melee: Dagger            |    69 |     3 ||    72
         Unarmed           |     3 |       ||     3
         Bite              |     8 |       ||     8
         Punch             |     2 |       ||     2
 Armour: Animal skin       |    30 |     4 ||    34
  Dodge: Dodged            |    36 |     2 ||    38
